Cogmind - Beta 16 @@@ ROGUE MODE // 2025.11.08 @ 19:49:31 Player: Not_Jesus8 Result: Self-destructed Performance ------------- Evolutions (2) 1000 Regions Visited (5) 1000 Robots Destroyed (24) 120 Value Destroyed (684) 684 Prototype IDs (23) 460 Alien Tech Used (0) 0 Bonus (405) 405 TOTAL SCORE: 3669 Bonus ------- Follower Combat Kills 105 Aligned with FarCom 300 Cogmind --------- Core Integrity 550/550 Matter 290/300 Energy 160/160 System Corruption 0% Temperature Cool (0) Movement Flying (50) Location -8/Materials Parts ------- > --- POWER (1) -------- Light Nuclear Core > --- PROPULSION (4) --- Flying Fortress v7 > --- UTILITY (4) ------ Improved Heat Sink Large Storage Unit Improved Terrain Scanner > --- WEAPON (2) ------- Beam Rifle Particle Gun > --- INVENTORY (15) --- Transport Network Coupler Small Laser Rocket Launcher Peak State ------------ > --- POWER ------------ Light Nuclear Core > --- PROPULSION ------- Flying Fortress v7 > --- UTILITY ---------- Improved Heat Sink Large Storage Unit Improved Terrain Scanner > --- WEAPON ----------- Beam Rifle Particle Gun > --- INVENTORY -------- Transport Network Coupler Small Laser Rocket Launcher [Rating: 46] Favorites ----------- Power Light Ion Engine Engine Light Ion Engine Power Core Light Nuclear Core Propulsion Wheel Leg Aluminum Leg Wheel Wheel Flight Unit Flying Fortress v7 Utility Improved Terrain Scanner Device Improved Terrain Scanner Storage Small Storage Unit Weapon Small Laser Energy Gun Small Laser Ballistic Gun Assault Rifle Launcher Grenade Launcher Build | -11 -10 -10 -10 -9 -8 ------- Run | Yrd Mat Min Exi Min Mat Slots Evolved 4 | . . . . . 4 Power . | . . . . . . Propulsion 2 | . . . . . 2 Utility 2 | . . . . . 2 Weapon . | . . . . . . Parts Attached 24 | 6 2 2 1 9 4 Power 3 | 1 . . . 1 1 Engine 2 | 1 . . . 1 . Core 1 | . . . . . 1 Reactor . | . . . . . . Propulsion 7 | 2 . . . 4 1 Treads . | . . . . . . Leg 4 | . . . . 4 . Wheel 2 | 2 . . . . . Hover . | . . . . . . Flight 1 | . . . . . 1 Utility 6 | 1 . 1 1 1 2 Device 3 | 1 . 1 . . 1 Storage 3 | . . . 1 1 1 Processor . | . . . . . . Hackware . | . . . . . . Protection . | . . . . . . Artifact . | . . . . . . Weapon 8 | 2 2 1 . 3 . Energy Gun 6 | 1 1 1 . 3 . Energy Cannon . | . . . . . . Ballistic Gun 1 | 1 . . . . . Ballistic Cannon . | . . . . . . Launcher 1 | . 1 . . . . Special Weapon . | . . . . . . Impact Weapon . | . . . . . . Slashing Weapon . | . . . . . . Piercing Weapon . | . . . . . . Special Melee Weapon . | . . . . . . Unidentified Prototypes . | . . . . . . Parts Lost 3 | . 1 2 . . . Power 1 | . . 1 . . . Propulsion 1 | . 1 . . . . Utility . | . . . . . . Weapon 1 | . . 1 . . . Highest Loss Streak 2 | . 1 2 . . . To Critical Strikes . | . . . . . . Average Backups 3 | . 3 4 3 4 3 Power . | . . . . . . Propulsion . | . . 1 1 1 . Utility 1 | . 1 2 1 1 1 Weapon 1 | . 1 1 . 1 2 Tool/Special . | . . . . . . Unused Backups 4 | . . . 2 1 1 Power . | . . . . . . Propulsion 2 | . . . 1 1 . Utility 2 | . . . 1 . 1 Weapon . | . . . . . . Tool/Special . | . . . . . . Average Slot Usage (%) 80 | . 79 68 70 95 55 Engine 10 | . 14 . . 10 7 Leg 5 | . . . . 26 1 Wheel 15 | . 22 14 14 . . Device 16 | . 14 25 26 14 10 Storage 3 | . . . 1 14 9 Energy Gun 22 | . 24 22 14 24 18 Ballistic Gun 1 | . 3 . . . . Launcher 2 | . . 5 14 3 . Peak Build Rating 46 | 8 8 9 12 15 46 Average Rating 10 | 4 7 8 9 13 41 On Entrance 8 | . 8 7 9 10 15 Avg Prop Armor Cover (%) . | . . . . . . Naked Turns . | . . . . . . Heaviest Build 33 | 8 9 7 10 32 33 Greatest Support 50 | 20 20 10 10 23 50 Greatest Overweight (x) 1 | 1 . . . 1 . Average Overweight (x) . | . . . . . . Largest Inventory Capacity 20 | 5 5 5 8 15 20 Average Capacity 6 | 5 5 5 5 8 15 Most Carried 8 | . 5 5 5 8 8 Average Carried 4 | . 3 4 4 7 3 Final Capacity 15 | 5 5 5 8 15 15 Final Carried 8 | . 5 4 5 8 3 Class Distribution -------------------- 77% | Mutant 18% | Scavenger-Skirmisher 3% | Scout Dominant Class ---------------- Mutant | -10/Materials Mutant | -10/Mines Mutant | -10/Exiles Scavenger-Skirmisher | -9/Mines Scout | -8/Materials Resources | -11 -10 -10 -10 -9 -8 ----------- Run | Yrd Mat Min Exi Min Mat Matter Collected 621 | 222 69 55 . 235 40 Remotely . | . . . . . . Salvage Created 720 | 18 336 55 . 311 . Parts 43 | 3 21 2 . 17 . Haulers Intercepted 1 | . 1 . . . . Recyclers Shooed 3 | . 3 . . . . Parts Field Recycled . | . . . . . . Retrieved Matter . | . . . . . . Parts Self-Destructed . | . . . . . . Prevented . | . . . . . . Parts Restored . | . . . . . . Kills | -11 -10 -10 -10 -9 -8 ------- Run | Yrd Mat Min Exi Min Mat Combat Hostiles Destroyed 18 | . 8 1 . 9 . Guns 5 | . 4 1 . . . AOE 13 | . 4 . . 9 . Classes Destroyed 7 | 1 5 . . 1 . Worker 1 | . 1 . . . . Tunneler 2 | 1 . . . 1 . Hauler 1 | . 1 . . . . Watcher 2 | . 2 . . . . Swarmer 3 | . 3 . . . . Grunt 14 | . 5 1 . 8 . Duelist 1 | . . . . 1 . Best Kill Streak 6 | 1 3 1 . 6 . Combat Bots Only 6 | . 3 1 . 6 . Max Kills in Single Turn 3 | 1 3 1 . 2 . Gunslinging . | . . . . . . Exploded 3 | . 3 . . 2 . Melee . | . . . . . . Uniques/NPCs Destroyed . | . . . . . . Combat | -11 -10 -10 -10 -9 -8 -------- Run | Yrd Mat Min Exi Min Mat Hostile Shots Fired 48 | . 26 10 . 12 . Missed 14 | . 4 4 . 6 . Hits 34 | . 22 6 . 6 . Projectile 34 | . 22 6 . 6 . Damage Taken 424 | . 249 79 . 96 . Core 93 | . 71 . . 22 . Absorbed by Shields . | . . . . . . Core Remaining (%) 81 | 100 . . . 62 . Volleys Fired 46 | 2 27 3 . 11 3 Largest 2 | 2 2 2 . 2 2 Hottest 121 | 70 90 90 . 105 121 Shots Fired 79 | 4 53 6 . 12 4 Gun 65 | 4 49 6 . 2 4 Cannon . | . . . . . . Launcher 14 | . 4 . . 10 . Special . | . . . . . . Kinetic 2 | 2 . . . . . Thermal 63 | 2 49 6 . 2 4 Explosive 14 | . 4 . . 10 . Electromagnetic . | . . . . . . Robot Hit Streak 12 | 4 12 6 . 5 . Robot Miss Streak 4 | . 3 . . 2 4 Penetration Max . | . . . . . . Secondary Targets 1 | . 1 . . . . Max Gunslinging Chain 1 | . 1 . . . . Shots Hit Robots 48 | 4 32 6 . 6 . Core Hits 40 | 1 20 3 . 16 . Critical Kills . | . . . . . . Critical Parts Destroyed . | . . . . . . Critical Strikes 3 | . 2 . . 1 . Burn 3 | . 2 . . 1 . Melee Attacks . | . . . . . . Impact . | . . . . . . Slashing . | . . . . . . Piercing . | . . . . . . Sneak Attacks . | . . . . . . Combat Hostiles . | . . . . . . Follow-up Attacks . | . . . . . . Damage Inflicted 1498 | 50 918 71 . 444 15 Guns 546 | 50 382 71 . 28 15 Cannons . | . . . . . . Explosions 948 | . 536 . . 412 . Melee . | . . . . . . Ramming 4 | . . . . 4 . Kinetic 25 | 25 . . . . . Thermal 793 | 25 654 71 . 28 15 Explosive 532 | . 120 . . 412 . Electromagnetic 144 | . 144 . . . . Impact . | . . . . . . Slashing . | . . . . . . Piercing . | . . . . . . Highest Corruption . | . . . . . . Average Corruption . | . . . . . . Corruption Purged . | . . . . . . Corruption Blocked . | . . . . . . Overload Shots . | . . . . . . Overflow Damage 58 | . 58 . . . . Projectiles . | . . . . . . Explosions 58 | . 58 . . . . Melee . | . . . . . . Knockbacks . | . . . . . . Impact . | . . . . . . Kinetic . | . . . . . . Secondary . | . . . . . . Self-Inflicted Damage 41 | . 15 . . 26 . Shots 2 | . 1 . . 1 . Rammed . | . . . . . . Targets Rammed 1 | . . . . 1 . Kicked 1 | . . . . 1 . Crushed . | . . . . . . Highest Temperature 207 | 18 207 48 . 45 64 Average Temperature 63 | 10 76 17 . 18 27 Received Heat Transfer 180 | . 93 48 . 39 . Siege Activations . | . . . . . . Martial Activations . | . . . . . . Shielding Activations . | . . . . . . Robots Disrupted . | . . . . . . Combat Hostiles . | . . . . . . Robots Corrupted . | . . . . . . Combat Hostiles . | . . . . . . Parts Fried . | . . . . . . Impact Corruptions . | . . . . . . Robots Melted . | . . . . . . Combat Hostiles . | . . . . . . Parts Melted 4 | . 2 . . 2 . Heat Transferred 1723 | 74 1314 162 . 136 37 Parts Sabotaged . | . . . . . . Parts Stolen . | . . . . . . Parts Stripped . | . . . . . . Power Chain Reactions . | . . . . . . Alert | -11 -10 -10 -10 -9 -8 ------- Run | Yrd Mat Min Exi Min Mat Maximum Alert Level 1 | . . . . 1 . Low Security (%) 95 | 100 100 100 . 80 100 Level 1 4 | . . . . 19 . Level 2 . | . . . . . . Level 3 . | . . . . . . Level 4 . | . . . . . . Level 5 . | . . . . . . High Security . | . . . . . . Max Security . | . . . . . . Peak Influence 241 | 5 122 35 . 241 72 Initial 24 | . . . . . 24 Average 53 | . 32 10 . 140 42 Influence Increases 781 | 5 368 45 . 276 87 Destroy 0b10 Robot/C 420 | . 160 20 . 180 60 Destroy 0b10 Robot/NC 35 | 5 20 . . 5 5 Destroy Leader 88 | . 36 10 . 30 12 Allied During Kill 10 | . . . . . 10 Successful Hack 17 | . 17 . . . . Select Force Hacks 30 | . 30 . . . . Disable Machine 45 | . 45 . . . . Destroy Structure 91 | . 30 . . 61 . Partial Spotted 30 | . 30 . . . . Lose Combat Pursuer 15 | . . 15 . . . Influence Decreases 720 | 5 368 45 . 214 88 Entered New Map 38 | . . . . . 38 Time Decay 662 | 5 368 45 . 214 30 Lost Ally 20 | . . . . . 20 Squads Dispatched 2 | . 2 . . . . Investigation 1 | . 1 . . . . Extermination . | . . . . . . Reinforcement 1 | . 1 . . . . Assault . | . . . . . . Garrison . | . . . . . . Intercept . | . . . . . . Searches Triggered . | . . . . . . Construction Impeded . | . . . . . . Haulers Reinforced . | . . . . . . Active Scanning Responses . | . . . . . . Cargo Convoy Interrupts . | . . . . . . Stealth | -11 -10 -10 -10 -9 -8 --------- Run | Yrd Mat Min Exi Min Mat Distress Signals . | . . . . . . Communications Jammed . | . . . . . . Distress Signals . | . . . . . . Times Spotted 25 | . 10 2 . 9 4 Peak Tracking Total 4 | . 3 2 . 4 4 Tactical Retreats 1 | . . 1 . . . Traps | -11 -10 -10 -10 -9 -8 ------- Run | Yrd Mat Min Exi Min Mat Traps Triggered . | . . . . . . Indirectly . | . . . . . . Trap Hack Attempts . | . . . . . . Triggered . | . . . . . . Disarmed . | . . . . . . Reprogrammed . | . . . . . . Reused . | . . . . . . Traps Extracted . | . . . . . . Installed . | . . . . . . Triggered . | . . . . . . Objects Rigged 4 | . 4 . . . . Exploded 2 | . 2 . . . . Machines | -11 -10 -10 -10 -9 -8 ---------- Run | Yrd Mat Min Exi Min Mat Machines Disabled 3 | . 3 . . . . Max in Single Turn 2 | . 2 . . . . Machines Repaired . | . . . . . . Machines Dismantled . | . . . . . . Machines Sabotaged . | . . . . . . Overloaded Fab Kills . | . . . . . . Hacking | -11 -10 -10 -10 -9 -8 --------- Run | Yrd Mat Min Exi Min Mat Machines Accessed 7 | . 6 . 1 . . Terminals 5 | . 5 . . . . Fabricators . | . . . . . . Repair Stations . | . . . . . . Recycling Units 1 | . 1 . . . . Scanalyzers . | . . . . . . Garrison Access . | . . . . . . Total Hacks 18 | . 17 . 1 . . Successful 15 | . 14 . 1 . . Failed 3 | . 3 . . . . Catastrophic . | . . . . . . Database Lockouts . | . . . . . . Manual 18 | . 17 . 1 . . Terminals 15 | . 15 . . . . Fabricators . | . . . . . . Repair Stations . | . . . . . . Recycling Units 2 | . 2 . . . . Scanalyzers . | . . . . . . Garrison Access . | . . . . . . Terminal Hacks 3 | . 2 . 1 . . Terminal Index 1 | . 1 . . . . Recall Reinforcements 1 | . 1 . . . . Proto ID Catalog 1 | . . . 1 . . Fabricator Hacks . | . . . . . . Repair Station Hacks . | . . . . . . Recycling Unit Hacks . | . . . . . . Scanalyzer . | . . . . . . Garrison Access Hacks . | . . . . . . Unauthorized Hacks 12 | . 12 . . . . Terminals 10 | . 10 . . . . Track 1 | . 1 . . . . Botnet 3 | . 3 . . . . Detonate 1 | . 1 . . . . Skim 5 | . 5 . . . . Fabricators . | . . . . . . Repair Stations . | . . . . . . Recycling Units 2 | . 2 . . . . Recyclers 1 | . 1 . . . . Tunnel 1 | . 1 . . . . Scanalyzers . | . . . . . . Garrison Access . | . . . . . . Data Cores Recovered . | . . . . . . Used . | . . . . . . Hacking Detections 5 | . 5 . . . . Full Trace Events . | . . . . . . Feedback Events . | . . . . . . Feedback Blocked . | . . . . . . Robot Schematics Acquired . | . . . . . . Robots Built . | . . . . . . Authchips . | . . . . . . Time . | . . . . . . Total Robot Build Rating . | . . . . . . Part Schematics Acquired . | . . . . . . Parts Built . | . . . . . . Authchips . | . . . . . . Time . | . . . . . . Total Part Build Rating . | . . . . . . Part Studies Acquired . | . . . . . . Parts Repaired . | . . . . . . Time . | . . . . . . Parts Recycled . | . . . . . . Recycled Matter . | . . . . . . Retrieved Matter . | . . . . . . Retrieved Components . | . . . . . . Parts Scanalyzed . | . . . . . . Part Schematics Acquired . | . . . . . . Parts Damaged . | . . . . . . Bothacking | -11 -10 -10 -10 -9 -8 ------------ Run | Yrd Mat Min Exi Min Mat Used RIF Installer . | . . . . . . Robots Hacked . | . . . . . . Non-combat . | . . . . . . Combat . | . . . . . . Robot Hacks Applied . | . . . . . . Relay Couplers Released . | . . . . . . Fabnet Peak Effective % . | . . . . . . Robots Rewired . | . . . . . . Allies Hacked . | . . . . . . Hacks Repelled . | . . . . . . Allies | -11 -10 -10 -10 -9 -8 -------- Run | Yrd Mat Min Exi Min Mat Total Allies 4 | . . 1 . 3 . Largest Group 3 | . . 1 1 3 3 Highest-Rated Group 40 | . . 31 31 40 40 Highest-Rated Ally 31 | . . 31 31 16 16 Total Orders . | . . . . . . Ally Attacks 30 | . . . . . 30 Total Damage 311 | . . . . . 311 Kills 4 | . . . . . 4 Allies Corrupted . | . . . . . . Allies Melted . | . . . . . . Intel | -11 -10 -10 -10 -9 -8 ------- Run | Yrd Mat Min Exi Min Mat Active Infowar (turns) 2165 | 12 1226 180 240 443 64 Terrain 2165 | 12 1226 180 240 443 64 Robot Analysis Total . | . . . . . . Derelict Logs Recovered 3 | . . 1 . 2 . Drone Launches . | . . . . . . Drone Recoveries . | . . . . . . Exploration | -11 -10 -10 -10 -9 -8 ------------- Run | Yrd Mat Min Exi Min Mat Turns Passed 2224 | 66 1226 180 240 448 64 Spaces Moved 1253 | 68 393 174 239 319 60 Core 12 | 12 . . . . . Treads . | . . . . . . Legs 309 | . . . . 309 . Wheels 872 | 56 393 174 239 10 . Hover . | . . . . . . Flight 60 | . . . . . 60 Fastest Speed 50 | 50 80 80 80 80 50 Average Speed 89 | 75 80 80 80 122 50 Slowest Speed 190 | 100 80 80 80 190 50 Overloaded Moves . | . . . . . . Propulsion Burnouts . | . . . . . . Robots Hopped . | . . . . . . Potential Cave-ins . | . . . . . . Cave-ins Triggered . | . . . . . . Exploration Rate (%) 36 | 3 54 25 61 63 11 Regions Visited 5 Branch Regions 3 Pre-discovered Areas 3 | . 3 . . . . Known Exits Taken . | . . . . . . Unknown Exits Taken 5 | 1 1 1 1 1 . Scrap Searched 3 | . . . . 3 . Spaces Dug . | . . . . . . Terrain Destroyed 107 | . 35 . . 72 . Melee . | . . . . . . Projectile . | . . . . . . AOE 107 | . 35 . . 72 . Terrain Rammed . | . . . . . . Walls Destroyed . | . . . . . . Machines Disabled . | . . . . . . Actions | -11 -10 -10 -10 -9 -8 --------- Run | Yrd Mat Min Exi Min Mat Total 2275 | 75 1249 208 289 365 89 Wait 921 | . 819 28 45 12 17 Move 1248 | 67 392 173 238 318 60 Hop . | . . . . . . Pick Up 11 | . 5 1 1 4 . Fast Attach 16 | 6 1 . 1 6 2 Attach 3 | . . 2 . . 1 Detach 1 | . . . . 1 . Swap 11 | . 4 1 . 4 2 Drop 17 | . 1 . 4 8 4 Fire 46 | 2 27 3 . 11 3 Melee . | . . . . . . Ram . | . . . . . . Kick 1 | . . . . 1 . Crush . | . . . . . . Escape Stasis . | . . . . . . Rewire . | . . . . . . Trap . | . . . . . . Miscellaneous . | . . . . . . Route ------- -11/Scrapyard -10/Materials (discovered 2 exits: *Mat / [*Min]) -10/Mines (discovered 2 exits: Mat / *Exi) -10/Exiles -9/Mines -8/Materials (discovered 1 exit: Sto) History --------- Turn | Location | Event 5 | -11/Scrapyard | Discovered new exit (range 13) 67 | -11/Scrapyard | Entered Materials 304 | -10/Materials | Build established: Mutant 401 | -10/Materials | Discovered new exit (range 15) 626 | -10/Materials | Discovered new exit (range 12) 715 | -10/Materials | Learned Storage stockpile data 757 | -10/Materials | Loaded intel: 1 repair station location 767 | -10/Materials | Derelicts attacked the area 791 | -10/Materials | Learned Materials repair station intel 832 | -10/Materials | Learned location of Subcaves (-10) 1293 | -10/Materials | Entered Mines 1332 | -10/Mines | Identified exit to Materials 1354 | -10/Mines | Received a Mining Laser from a helpful Derelict 1396 | -10/Mines | Assembled infested the area 1451 | -10/Mines | Discovered new exit (range 5) 1473 | -10/Mines | Entered Exiles 1473 | -10/Exiles | Accompanied by 1 ally 1506 | -10/Exiles | Met 8R-AWN 1524 | -10/Exiles | Met EX-HEX 1547 | -10/Exiles | Met EX-BIN 1586 | -10/Exiles | Aligned with FarCom system 1587 | -10/Exiles | Given EX-Vault access code 1607 | -10/Exiles | Opened EX-Vault 1614 | -10/Exiles | Found Flying Fortress v7 1631 | -10/Exiles | Warned to stay clear of 0b10 Research branches 1654 | -10/Exiles | Met EX-DEC 1705 | -10/Exiles | Discovered new exit (range 11) 1713 | -10/Exiles | Left Exiles lab with Flying Fortress v7 1713 | -10/Exiles | Entered Mines 2043 | -9/Mines | Build established: Scavenger-Skirmisher 2043 | -9/Mines | Learned Materials terminal intel 2070 | -9/Mines | Learned Materials machine intel 2092 | -9/Mines | Assisted by bots powering up and referring to "LRC-V3" 2110 | -9/Mines | Discovered new exit (range 15) 2148 | -9/Mines | Received a Rocket Launcher from a helpful Derelict 2161 | -9/Mines | Entered Materials 2161 | -8/Materials | Accompanied by 3 allies 2161 | -8/Materials | Evolved 4 slots: Propulsion x2, Utility x2 2162 | -8/Materials | Identified exit to Storage 2163 | -8/Materials | Loaded intel: 44 machine locations 2164 | -8/Materials | Loaded intel: 12 terminal locations 2165 | -8/Materials | Loaded intel: 2 repair station locations 2225 | -8/Materials | Self-destructed Last Messages --------------- 02194_ R-06 Scavenger collects Aluminum Leg. 02195_ Mercenary 2a suffers critical hit (Burn). 02196_ Mercenary 2a overheating. 02196_ G-47 Trooper destroyed. 02198_ R-06 Scavenger collects Hcp. Storage Unit. 02200_ Mercenary 2a heat damages Aluminum Leg. 02200_ Mercenary 2a suffers critical hit (Burn). 02200_ Mercenary 2a destroyed. 02201_ G-47 Trooper destroyed. 02202_ W-25 Informer suffers critical hit (Burn). 02203_ Acquired 30 matter. 02207_ W-25 Informer destroyed. 02210_ Dropped Ion Engine. 02211_ Acquired Lgt. Nuclear Core. 02212_ Acquired 10 matter. 02213_ Acquired Imp. Heat Sink. 02216_ R-06 Scavenger collects Core Shielding. Map ----- +----------------------------------------------------+ | ????????????????????????#????## #???? | | ???????????????????????#???#??# #???? | | ??????????????????????????????#%= #???? | | ??????????????????????????????#=* #???? | | ??????????????????? ???????"""#[ #???? | | ???????????????????????????"""#=%=#???? | | ??????"""????????? ????????"""#%[ #???? | | ??????"""?????????????????????#= #???? | | ??????"""????????###+######+### #???? | | ???????????????? #???? | | ???????????????? #???? | | ???????????????? #???? | | ??????????????????############# #???? | | ???????????????????????# # #???? | | ???????????????????????# """ # #???? | | ???????????????????????# """ + #???? | | ?????????????????? ????#[ """ # #???? | | ???????????????????????# # #???? | | ??????????????????????## [ # #???? | | ???????????????????????##+##### #???? | | ??????????????????w?????# #???# #???? | | ????????????????????????# #???# #???? | | ????????????????????????# #???# #???? | | ????????????????????????# #???? #???? | | ????????????????????????# #???? #???? | | ??????????????????????T?#@#???? #???? | | ??????????????????????? #??? #???? | | ????????????????????? #??? #???? | | ??????????????????? #??? #???? | | ????????????????? r #??? ????? | | ???????????????# #??????????? | | ???????????????# ??????????? | | ???????????????# ??????????? | | ???????????????# ??????????? | | ???????????????# #?????????? | | ???????????????# k #?"""?????? | | ???????????????#a #?"T??????? | | ????????????????g #?"""?????? | | ???????????"""???? #?????????? | | ???????????"""??g???? #???""""??? | | ???????????"""????????? ????""""??? | | ???????"Y"?"""??????????????????""""??? | | ???????"""?"""????????????????????????? | | ??????????????????????????????????????? | | ??????????????????????????????????????? | | ??????????????????????????????????????? | | ??????????????????????????????????????? | | ??????????????????????????????????????? | | ??????????????????????????????????????? | | ??????????????????????????????????????? | +----------------------------------------------------+ Best States ------------- Heat Dissipation 45 Energy Generation 14 Energy Capacity 250 Matter Stores 300 Matter Capacity 300 Sight Range 16 Terrain Scan Range 16 Terrain Scan Density 10 Evasion (%) 60 Item Schematics ----------------- None Robot Schematics ------------------ None Fabricated ------------ Nothing Repaired ---------- Nothing Studied --------- None Alien Tech Used ----------------- None Achievements -------------- None Challenges ------------ None Game ------ Seed LightPlatingPenetrator Manual? 0 Play Time 00:12:55 Cumulative 33.6 hours Start 2025.11.08 @ 19:34:53 End 2025.11.08 @ 19:49:31 Sessions 2 Manual Loads 0 Difficulty Rogue Special Mode None Game No. 77 Rogue 77 Adventurer 0 Explorer 0 Win Type - Total 2 Types 2/0/0/0/0/0/0/0/0/0 Lore% 40 Gallery% 31 Achievement% 30 Wizard Run 0 Options --------- Layout 1 ASCII 0 Keyboard 0 Movement Arrows Keybinds 0 Fullscreen 1 Font 16/SmallcapsGlow Map View 50x54 Zoom Use 5% Tactical HUD 1 Map Filters NONE Filters NONE Steam 1 RUN: a524dd1b-4b15-4748-9b7b-1668712aaf52